 Dungeon Crawl Stone Soup version 0.32-a0-119-g2e8054a333 (webtiles) character file.

Game seed: 8999985844416528777

24 zenocrate the Sneak (level 2, -1/26 HPs)
             Began as a Minotaur Delver on Feb 6, 2024.
             Slain by a water moccasin (2 damage)
             ... on level 5 of the Dungeon.
             The game lasted 00:00:24 (226 turns).

zenocrate the Sneak (Minotaur Delver)                Turns: 226, Time: 00:00:24

Health: -1/26      AC:  3    Str: 16    XL:     2   Next: 79%
Magic:  1/1        EV: 11    Int:  7    God:
Gold:   0          SH:  0    Dex: 11    Spells: 1/1 levels left

rFire   . . .        a - +0 hand axe
rCold   . . .        (no shield)
rNeg    . . .        b - +0 leather armour
rPois   .            (helmet restricted)
rElec   .            (no cloak)
rCorr   .            (no gloves)
SInv    .            (no boots)
Will    .....        (no amulet)
Stlth   ++           (no ring)
HPRegen 0.24/turn    (no ring)
MPRegen 0.07/turn

%: no passive effects
@: no status effects
A: horns 2, retaliatory headbutt
a: no special abilities


You were on level 5 of the Dungeon.
You visited 1 branch of the dungeon, and saw 1 of its levels.

Inventory:

Hand Weapons
 a - a +0 hand axe (weapon)
Armour
 b - a +0 leather armour (worn)
Wands
 g - a wand of digging (3)
 i - a wand of charming (9)
Scrolls
 c - a scroll of fog
 d - a scroll of revelation
 e - a scroll of fear
Potions
 f - a potion of haste
 h - a potion of degeneration {unknown}


   Skills:
 - Level 3.6 Fighting
 + Level 4.1 Axes
 - Level 2.1 Dodging
 - Level 4.1 Stealth


You had one spell level left.
You didn't know any spells.
Your spell library was empty.

Dungeon Overview and Level Annotations

Branches:
Dungeon (5/15)
 Temple: D:4-7

Altars:


Innate Abilities, Weirdness & Mutations

You have a pair of horns on your head.
You reflexively headbutt those who attack you in melee.


Message History

You kill the adder!
You feel sick.
You are no longer poisoned.
You have reached level 2!
An adder comes into view.
An adder is nearby!
You barely miss the adder. Your headbutt misses the adder.
The adder closely misses you.
You slash the adder!
The adder is severely wounded.
The adder barely misses you. You furiously retaliate!
You headbutt the adder!
You kill the adder!
Your Axes skill increases to level 4!
You are too injured to fight recklessly!
A sleepcap comes into view.
A sleepcap is nearby!
A sleepcap is nearby!
You hit the sleepcap but do no damage. The sleepcap closely misses you.
Unknown command.
The water moccasin hisses angrily.
You hit the sleepcap but do no damage. The sleepcap barely misses you.
You hit the sleepcap. You headbutt the sleepcap!
The sleepcap is heavily damaged.
The sleepcap barely misses you.
Unknown command.
You hit the sleepcap but do no damage.
The sleepcap is heavily damaged.
The sleepcap releases spores at you. The water moccasin closely misses you.
The sleepcap closely misses you.
You hit the sleepcap.
The sleepcap is severely damaged.
You closely miss the water moccasin. The water moccasin barely misses you.
The sleepcap releases spores at you.
You are engulfed in a cloud of soporific spores!
You fall asleep.
The water moccasin bites you!
You wake up.
Ouch! That really hurt!
* * * LOW HITPOINT WARNING * * *
The water moccasin bites you.
You die...

#....##.......###.....###
.....##....... #>....## .#
..#..#..##....####.....## ...
..##....###....####.....##...#
.........##..................##
.........###..##..............##
..##...#.##..##.........#.#....##
..........#........)..#.#......#.
............###.@..#....#........
.........>..# #f#S.##......#.....
...........####.#..##......#.....
.......##....#..#................
......##.............#...#.......
..... ....##...###.##.###......
..... ....#............###......
#..# ....#...##.......##......#
.....#...###.......#......#


You could see a water moccasin and a sleepcap.

Vanquished Creatures
  2 adders (D:5)
  3 orcs (D:5)
5 creatures vanquished.

Notes
Turn   | Place    | Note
-------+----------+-------------------------------------------
     0 | D:5      | zenocrate the Minotaur Delver began the quest for the Orb.
     0 | D:5      | Reached XP level 1. HP: 19/19 MP: 0/0
    48 | D:5      | Noticed a water moccasin
   174 | D:5      | Reached XP level 2. HP: 4/26 MP: 1/1
   226 | D:5      | HP: 1/26 [water moccasin (13)]
   226 | D:5      | Slain by a water moccasin

Illustrated notes

Levels and vault maps discovered:
D:5:      layout_cave_pools, trog_hazing_becter, uniq_duvessa, uniq_eustachio

Skill      XL: |  1  2 |
---------------+-------+-----
Axes           | 3 4 |  4.1
Fighting       | |  3.6
Dodging        | |  2.1
Stealth        | |  4.1

Action                     || total
---------------------------++-------
  Melee: Hand axe          ||    24
         Headbutt          ||     4
         Punch             ||     1
 Armour: Leather armour    ||    13
  Dodge: Dodged            ||    17

Table legend: (Time is in decaauts)
 A = Elapsed time spent in this place.
 B = Non-inter-level travel time spent in this place.
 C = Inter-level travel time spent in this place.
 D = Time resting spent in this place.
 E = Time spent auto-exploring this place.
 F = Levels seen in this place.
 G = Mean time per level.
                   A        B        C        D        E       F      G
               +--------+--------+--------+--------+--------+-----+--------+
         Total |    229 |    229 |      0 |      0 |    150 |   1 |  229.0 |
       Dungeon |    229 |    229 |      0 |      0 |    150 |   1 |  229.0 |
               +--------+--------+--------+--------+--------+-----+--------+

Top non-repeatable levels by time:
     D:5: 229 daAuts
